 Dungeon Crawl Stone Soup version 0.31-a0-163-gb40cd77e26 (webtiles) character file.

Game seed: 7195005475772890861

358 qw the Shooter (level 6, -7/38 HPs)
             Began as a Gargoyle Hunter on June 13, 2023.
             Was an Initiate of Okawaru.
             Mangled by Edmund
             ... wielding a +3 flail of protection
              (11 damage)
             ... on level 4 of the Dungeon.
             The game lasted 00:01:19 (2947 turns).

qw the Shooter (Gargoyle Hunter)                    Turns: 2947, Time: 00:01:20

Health: -7/38      AC: 10    Str: 14    XL:     6   Next: 64%
Magic:  6/6        EV: 11    Int: 10    God:    Okawaru [......]
Gold:   190        SH:  0    Dex: 21    Spells: 5/5 levels left

rFire   . . .        Y - +0 shortbow
rCold   . . .        (shield currently unavailable)
rNeg    + . .        b - +0 ring mail
rPois   inf          (no helmet)
rElec   +            (no cloak)
rCorr   .            d - +0 pair of gloves
SInv    .            (no boots)
Will    .....        e - amulet of regeneration
Stlth   +            f - +6 ring of dexterity
HPRegen 1.06/turn    (no ring)
MPRegen 0.10/turn

%: no passive effects
@: no status effects
A: sickness immunity, AC +4, negative energy resistance 1, electricity
resistance, torment resistance 1, petrification resistance
a: Renounce Religion


You were on level 4 of the Dungeon.
You worshipped Okawaru.
Okawaru was noncommittal.
You visited 2 branches of the dungeon, and saw 5 of its levels.

You collected 190 gold pieces.


Innate Abilities, Weirdness & Mutations

You are immune to sickness and miasma.
Your stone body is resilient. (AC +4)
You are immune to poison.
You resist negative energy. (rN+)
You are resistant to electric shocks. (rElec)
You are resistant to unholy torment.
You are immune to petrification.


   Skills:
 - Level 4.1 Fighting
 + Level 6.9 Ranged Weapons
 - Level 1.0 Armour
 - Level 1.5 Dodging
 - Level 1.1 Stealth


You had 5 spell levels left.
You didn't know any spells.
Your spell library was empty.

Inventory:

Hand Weapons
 Y - a +0 shortbow (weapon)
Armour
 b - a +0 ring mail (worn)
 d - a +0 pair of gloves (worn)
Jewellery
 e - an amulet of regeneration (around neck)
 f - a +6 ring of dexterity (left hand)
Scrolls
 a - a scroll of identify
Potions
 c - a potion of enlightenment {unknown}
 g - a potion of ambrosia {unknown}

Dungeon Overview and Level Annotations

Branches:
Dungeon (4/15)             Temple (1/1) D:4

Altars:
Ashenzari
Cheibriados
Elyvilon
Fedhas
Gozag
Hepliaklqana
Kikubaaqudgha
Nemelex Xobeh
Okawaru
Trog
Uskayaw
Vehumet
Xom
Yredelemnul

Annotations:
D:4 Edmund


Message History

Edmund hits you with a +3 flail of protection!
You shoot an arrow. The arrow barely misses Edmund.
Edmund closely misses you.
You shoot an arrow.
The arrow hits Edmund but does no damage.
Edmund is severely wounded.
Edmund closely misses you.
You shoot an arrow. The arrow hits Edmund.
Edmund is severely wounded.
Edmund barely misses you.
Edmund hits you with a +3 flail of protection!
You shoot an arrow. The arrow barely misses Edmund.
Edmund closely misses you.
You shoot an arrow.
The arrow hits Edmund but does no damage.
Edmund is severely wounded.
Edmund barely misses you.
You shoot an arrow. The arrow hits Edmund.
Edmund is almost dead.
Edmund hits you with a +3 flail of protection.
You shoot an arrow.
The arrow hits Edmund but does no damage.
Edmund is almost dead.
Edmund closely misses you.
You shoot an arrow. The arrow closely misses Edmund.
Edmund hits you with a +3 flail of protection.
You shoot an arrow.
The arrow hits Edmund but does no damage.
Edmund is almost dead.
Edmund hits you with a +3 flail of protection!
You shoot an arrow. The arrow closely misses Edmund.
Edmund hits you but does no damage.
Edmund hits you with a +3 flail of protection!
You shoot an arrow. The arrow barely misses Edmund.
Edmund hits you with a +3 flail of protection.
You shoot an arrow.
The arrow hits Edmund but does no damage.
Edmund is severely wounded.
Edmund hits you with a +3 flail of protection!
You die...

...........
###....#...
#........ #....#
#........ ###(...#
##.#.......#
....?.##
...#.......#
..#...#
..#.......#
..#...#
..#........
.##..##
####.#.@......
###..# ####....#@#
....####.......#%#
...###.....%.....#
.####......[...#.#
## #..####.###.#.#
##..##...# #.#..
#...#....# #.#..<
# #...#....#
#.#....
###........#
..#.....


You could see Edmund.

Vanquished Creatures
  A water moccasin (D:4)
  A jelly (D:4)
  A hound (D:3)
  An iron imp (D:3)
  A sleepcap (D:4)
  3 adders
  2 worms
  A dart slug (D:3)
  7 orcs
  3 ball pythons
  5 endoplasms
  4 giant cockroaches
  9 goblins
  6 hobgoblins
  10 jackals
  4 quokkas
  5 bats
  3 frilled lizards
  13 kobolds
  9 rats
  2 rat zombies (D:3)
91 creatures vanquished.

Notes
Turn   | Place    | Note
-------+----------+-------------------------------------------
     0 | D:1      | qw the Gargoyle Hunter began the quest for the Orb.
     0 | D:1      | Reached XP level 1. HP: 12/12 MP: 1/1
     0 | D:1      | 0 ||| qw: Version: 0.2-a-29-gc1b59c4
     0 | D:1      | 0 ||| qw: Game counter: 4446
     0 | D:1      | 0 ||| qw: Always use a shield: true
     0 | D:1      | 0 ||| qw: God list: Okawaru
     0 | D:1      | 0 ||| qw: Allow faded altars: false
     0 | D:1      | 0 ||| qw: Do Orc after D:15 true
     0 | D:1      | 0 ||| qw: Do second Lair branch before Depths: true
     0 | D:1      | 0 ||| qw: Lair rune preference: random
     0 | D:1      | 0 ||| qw: Plans: Normal, Zot:1-4, Slime:5, God:TSO, Crypt,
                  | Tomb, Abyss, Pan, Hells, Win
     0 | D:1      | 0 ||| PLANNING D:1-11
   104 | D:1      | Reached XP level 2. HP: 15/17 MP: 2/2
   374 | D:1      | Reached XP level 3. HP: 21/21 MP: 3/3
   538 | D:1      | 538 ||| UPGRADING to +0 pair of gloves.
   543 | D:1      | 543 ||| READING scroll labelled COFENU HIRRUI.
   544 | D:1      | 544 ||| READING scroll labelled MITIEBL SEOSORI.
   545 | D:1      | 545 ||| READING scroll labelled DANIGU WEXZAS.
   546 | D:1      | 546 ||| DRINKING 2 fizzy yellow potions.
   547 | D:1      | 547 ||| DROPPING scroll of butterflies.
   548 | D:1      | 548 ||| DROPPING potion of invisibility.
   661 | D:2      | Reached skill level 5 in Ranged Weapons
  1152 | D:2      | Reached skill level 3 in Fighting
  1569 | D:2      | 1569 ||| UPGRADING to +0 ring mail.
  1579 | D:2      | 1579 ||| DROPPING +0 leather armour.
  1580 | D:2      | 1580 ||| UPGRADING to amulet of regeneration.
  1585 | D:2      | 1585 ||| UPGRADING to +6 ring of dexterity.
  1586 | D:2      | 1586 ||| READING 2 scrolls labelled ZIEMNU RIKH.
  1727 | D:3      | Reached XP level 4. HP: 28/28 MP: 4/4
  1734 | D:3      | Reached skill level 1 in Armour
  1882 | D:3      | Reached XP level 5. HP: 32/32 MP: 5/5
  2018 | D:3      | Found an ancient bone altar of Kikubaaqudgha.
  2054 | D:3      | Found a snail-covered altar of Cheibriados.
  2071 | D:3      | Reached skill level 6 in Ranged Weapons
  2424 | D:3      | 2424 ||| READING scroll labelled WYFRYISOAWN.
  2496 | D:4      | Found a broken altar of Ashenzari.
  2595 | D:4      | Noticed Edmund
  2613 | D:4      | HP: 8/32 [Edmund/+3 flail of protection (7)]
  2614 | D:4      | 2614 ||| READING scroll of teleportation.
  2695 | D:4      | Found a staircase to the Ecumenical Temple.
  2696 | D:4      | 2696 ||| PLANNING TEMPLE
  2704 | Temple   | Entered the Ecumenical Temple
  2719 | Temple   | 2719 ||| PLANNING OKAWARU WORSHIP
  2752 | Temple   | Became a worshipper of Warmaster Okawaru
  2752 | Temple   | 2752 ||| PLANNING D:1-11
  2865 | D:4      | Reached XP level 6. HP: 36/38 MP: 6/6
  2921 | D:4      | Noticed a water moccasin
  2927 | D:4      | Killed a water moccasin
  2945 | D:4      | HP: 7/38 [Edmund/+3 flail of protection (8)]
  2946 | D:4      | HP: 2/38 [Edmund/+3 flail of protection (6)]
  2947 | D:4      | Mangled by Edmund

Levels and vault maps discovered:
D:1:      minmay_arrival_jagged, layout_basic, palyth_stone_intersect,
          minmay_small_reverse_x
D:2:      layout_basic, minmay_tromino_v2
D:3:      layout_loops_ring, chei_slow_surprise,
          lemuel_zombie_altar_kikubaaqudgha
D:4:      minmay_recursive_quarters, layout_basic, mainiacjoe_overflow_24_doors,
          temple_green, minmay_fractal_squares_gapless_5, uniq_sigmund,
          uniq_edmund
Temple:   hellmonk_temple_of_storms

Skill      XL: |  1  2  3  4  5 |
---------------+----------------+-----
Ranged Weapons | 5 6 |  6.9
Fighting       | 3 4 |  4.1
Armour         | 1 |  1.0
Dodging        | |  1.5
Stealth        | |  1.1

Action                     |  1- 3 |  4- 6 || total
---------------------------+-------+-------++-------
   Fire: Shortbow          |   116 |   201 ||   317
    Use: Scroll            |     4 |     2 ||     6
         Potion            |     1 |       ||     1
 Armour: Leather armour    |    22 |       ||    22
         Ring mail         |       |    37 ||    37
  Dodge: Dodged            |    24 |    60 ||    84

Table legend:
 A = Non-vault XP
 B = Vault XP
 C = Vault XP percentage of total XP
 D = Non-vault monster count
 E = Vault monster count
 F = Vault count percentage of total count
                 A         B        C        D         E       F
            +---------+---------+-------+---------+---------+-------
      Total |     359 |     153 |  29.9 |      74 |      17 |  18.7
            +---------+---------+-------+---------+---------+-------
        D:1 |      31 |       5 |  13.9 |      21 |       4 |  16.0
        D:2 |      39 |       3 |   7.1 |      15 |       2 |  11.8
        D:3 |     101 |      42 |  29.4 |      27 |       3 |  10.0
        D:4 |     188 |     103 |  35.4 |      11 |       8 |  42.1
            +---------+---------+-------+---------+---------+-------
